 Dungeon Crawl Stone Soup version 0.30.1-11-g7821555f0a (webtiles) character file.

Game seed: 15593474379665150385

63 Peloso the Covered (level 3, 0/33 HPs)
             Began as a Minotaur Fighter on Oct 28, 2023.
             Slain by a hobgoblin (1 damage)
             ... led by Robin
             ... on level 2 of the Dungeon.
             The game lasted 00:01:33 (1638 turns).

Peloso the Covered (Minotaur Fighter)               Turns: 1638, Time: 00:01:34

Health: 0/33       AC: 10    Str: 20    XL:     3   Next: 87%
Magic:  2/2        EV:  7    Int:  5    God:
Gold:   21         SH:  4    Dex: 11    Spells: 2/2 levels left

rFire   . . .        a - +0 long sword
rCold   . . .        d - +0 buckler
rNeg    . . .        f - +0 chain mail
rPois   .            (helmet restricted)
rElec   .            (no cloak)
rCorr   .            c - +0 pair of gloves
SInv    .            (no boots)
Will    .....        (no amulet) Stlth
                     (no ring)
HPRegen 0.25/turn    (no ring)
MPRegen 0.08/turn

%: no passive effects
@: no status effects
A: horns 2, retaliatory headbutt
a: no special abilities


You were on level 2 of the Dungeon.
You visited 1 branch of the dungeon, and saw 2 of its levels.

You collected 21 gold pieces.

Inventory:

Hand Weapons
 a - a +0 long sword (weapon)
Armour
 b - a +0 scale mail
 c - a +0 pair of gloves (worn)
 d - a +0 buckler (worn)
 f - a +0 chain mail (worn)
Scrolls
 e - 4 scrolls of identify {unknown}
 h - a scroll of enchant weapon {unknown}
 j - a scroll of noise {unknown}
 l - a scroll of blinking {unknown}
Potions
 g - a potion of might
 k - a potion of invisibility {unknown}


   Skills:
 + Level 4.0 Fighting
 + Level 3.3 Long Blades
 + Level 4.4 Armour
 + Level 0.2 Dodging
 + Level 4.3 Shields


You had 2 spell levels left.
You didn't know any spells.
Your spell library contained the following spells:

 Spells                   Type           Power      Damage    Failure   Level
 Necrotise                Necr           0%         1d4       99%         1
 Call Canine Familiar     Summ           0%         N/A       100%        3
 Portal Projectile        Hex/Tloc       0%         N/A       100%        3
 Vampiric Draining        Necr           0%         2d6       100%        3
 Leda's Liquefaction      Hex/Erth       0%         N/A       100%        4
 Agony                    Necr           0%         N/A       100%        5


Dungeon Overview and Level Annotations

Branches:
Dungeon (2/15)

Altars:


Innate Abilities, Weirdness & Mutations

You have a pair of horns on your head.
You reflexively headbutt those who attack you in melee.


Message History

The goblin hits you but does no damage.
Unknown command.
You slash the goblin!
You kill the goblin!
You feel sick.
The hobgoblin hits you but does no damage.
Robin roars a battlecry!
The hobgoblin goes into a battle-frenzy!
The goblin barely misses you. You block the hobgoblin's attack.
The goblin hits you but does no damage. Robin throws the goblin at you!
You slash Robin!
Robin is severely wounded.
You feel sick. The hobgoblin hits you.
The goblin hits you but does no damage. x2
Robin hits you but does no damage.
You are lethally poisoned!
You hit Robin.
You kill Robin!
* * * LOW HITPOINT WARNING * * *
You feel very sick. The goblin hits you but does no damage.
The hobgoblin barely misses you. You furiously retaliate!
You headbutt the hobgoblin. The goblin barely misses you.
Your Long Blades skill increases to level 3!
Unknown command.
You feel better. The goblin hits you with a +0 club.
The goblin barely misses you. You block the hobgoblin's attack.
You closely miss the goblin. The goblin hits you with a +0 club.
* * * LOW HITPOINT WARNING * * *
The hobgoblin hits you.
* * * LOW HITPOINT WARNING * * *
The goblin completely misses you.
Unknown command.
You closely miss the goblin. Your headbutt misses the goblin.
The goblin hits you with a +0 club.
* * * LOW HITPOINT WARNING * * *
The goblin hits you with a +0 club.
* * * LOW HITPOINT WARNING * * *
The hobgoblin hits you but does no damage.
The goblin hits you but does no damage. The hobgoblin hits you.
You die...

##.# ##.......## ##..#
#.........####...#####
+.........+...........
#.........####...#####
#.......# ##.......
#.....# #..####. #gg)#
#..# #. #@# #..## #. #g#
#...# #. #.# #.#.# #.
##.## #.#.# #. ##...##
#.#.###. #.....#
#.......
######...##########.####
........#...........#
######....###########


You could see a hobgoblin (strong) and 2 goblins.

Vanquished Creatures
  Robin (D:2)
  2 adders (D:2)
  A worm (D:2)
  4 endoplasms
  9 goblins
  3 hobgoblins
  2 ball pythons (D:2)
  3 frilled lizards
  2 kobolds
  4 rats
31 creatures vanquished.

Notes
Turn   | Place    | Note
-------+----------+-------------------------------------------
     0 | D:1      | Peloso the Minotaur Fighter began the quest for the Orb.
     0 | D:1      | Reached XP level 1. HP: 19/19 MP: 0/0
   986 | D:2      | Reached XP level 2. HP: 26/27 MP: 1/1
  1522 | D:2      | Reached XP level 3. HP: 33/33 MP: 2/2
  1612 | D:2      | Noticed Robin
  1635 | D:2      | Killed Robin
  1638 | D:2      | HP: 1/33 [goblin/+0 club[Robin] (6)]
  1638 | D:2      | Slain by a hobgoblin

Illustrated notes

Levels and vault maps discovered:
D:1:      psy_arrival_whirlpool, layout_basic, reono_crystal_passage
D:2:      layout_loops_corners, uniq_robin

Skill      XL: |  1  2  3 |
---------------+----------+-----
Fighting       | 4 |  4.0
Shields        | 4 |  4.3
Armour         | 4 |  4.4
Long Blades    | 3 |  3.3
Dodging        | |  0.2

Action                     || total
---------------------------++-------
  Melee: Long sword        ||    72
         Headbutt          ||    15
    Use: Potion            ||     2
 Armour: Scale mail        ||     6
         Chain mail        ||    39
  Dodge: Dodged            ||    31
  Block: Buckler           ||    20
